 Dungeon Crawl Stone Soup version 0.18-a0-1800-gdc7a371 (webtiles) character file.

198 TheGoonsmith the Conjurer (level 5, 0/34 HPs)
             Began as an Octopode Wizard on Apr 24, 2016.
             Slain by a phantom (5 damage)
             ... on level 4 of the Dungeon on Apr 25, 2016.
             The game lasted 00:05:47 (3760 turns).

TheGoonsmith the Conjurer (Octopode Wizard)         Turns: 3760, Time: 00:05:48

Health: 0/34       AC:  1    Str:  5 (6)  XL:     5   Next: 76%
Magic:  0/9        EV: 12    Int: 23 (26) God:
Gold:   157        SH:  0    Dex:  9 (11) Spells: 4 memorised, 1 level left

rFire  . . .     SeeInvis .     e - +0 dagger
rCold  + . .     Gourm    .     (no shield)
rNeg   . . .     Faith    .     a - +0 hat
rPois  .         Spirit   .     (no amulet)
rElec  .         Dismiss  .     h - ring of protection from cold
rCorr  .         Reflect  .     (no ring)
SustAt .         Harm     .     (no ring)
MR     .....                    (no ring)
Stlth  +++.......               (no ring)
                                (no ring)
                                (no ring)
                                (no ring)

@: brilliant, flying, very slightly contaminated, hasted, very quick, not
resistant to hostile enchantments, fairly stealthy
A: almost no armour, amphibious, 8 rings, constrict 8, camouflage 1, gelatinous
body 1
a: no special abilities


You were on level 4 of the Dungeon.
You were not hungry.

You visited 1 branch of the dungeon, and saw 4 of its levels.

You collected 157 gold pieces.

Inventory:

Hand Weapons
 e - a +0 dagger (weapon)
Missiles
 l - 2 throwing nets (quivered)
Armour
 a - a +0 hat (worn)
Jewellery
 h - a ring of protection from cold (left tentacle)
Scrolls
 g - a scroll of remove curse
 n - 2 scrolls of amnesia
 q - 2 scrolls of random uselessness {unknown}
Potions
 f - a potion of haste
 i - a potion of resistance
Books
 b - a book of Minor Magic

   Spells                             Type                      Level
   a - Magic Dart                     Conjuration                  1
   b - Blink                          Translocation                2
   c - Call Imp                       Summoning                    2
   d - Repel Missiles                 Charms/Air                   2
   e - Slow                           Hexes                        2
   f - Conjure Flame                  Conjuration/Fire             3
   g - Mephitic Cloud                 Conjuration/Poison/Air       3
Comestibles
 c - 2 bread rations
 d - a fruit
 m - a slice of pizza
 p - a beef jerky
 r - a meat ration


   Skills:
 - Level 2.2 Fighting
 + Level 0.0 Short Blades
 - Level 2.0 Dodging
 - Level 2.6 Stealth
 - Level 3.0 Spellcasting
 - Level 4.0 Conjurations
   Level 1.0 Summonings
   Level 1.0 Translocations
 - Level 1.1 Air Magic
 - Level 2.2 Poison Magic


You had one spell level left.
You knew the following spells:

 Your Spells              Type           Power        Failure   Level  Hunger
a - Magic Dart            Conj           ####         1%          1    None
c - Conjure Flame         Conj/Fire      ####....     2%          3    ###....
r - Repel Missiles        Chrm/Air       ###...       2%          2    ##.....
x - Mephitic Cloud        Conj/Pois/Air  ####....     1%          3    ###....


Dungeon Overview and Level Annotations

Branches:
Dungeon (4/15)
 Temple: D:4-7

Altars:
Elyvilon
Okawaru

Annotations:
D:2 Sigmund


Innate Abilities, Weirdness & Mutations

You cannot wear most types of armour.
You are amphibious.
You can wear up to eight rings at the same time.
You can use your tentacles to constrict eight enemies at once.
Your skin changes colour to match your surroundings (Stealth).
Your rubbery body absorbs attacks (AC +1).


Message History

It was a potion of degeneration.
There was something very wrong with that liquid.
You feel weakened.
You feel dopey.
You feel clumsy.
The phantom blinks!
Casting: Magic Dart
Confirm with . or Enter, or press ? or * to list all spells.
Aiming: Magic Dart
Press: ? - help, Shift-Dir - straight line, f/p - phantom
Aim: a phantom (almost destroyed)
The magic dart hits the phantom.
The phantom is almost destroyed.
You closely miss the phantom.
The phantom is almost destroyed.
The phantom closely misses you.
You barely miss the phantom.
The phantom is almost destroyed.
You hit the phantom.
The phantom is almost destroyed.
The phantom hits you.
You die...

#.......................
#.......................
######.......[..######..#####
!...............# #..## #
..........[....#######...####
.............................
................(............
.....###.....................
.... #....@................
... #...W.............>... ..
#..................... .
#.....................
#.....................
#..................###
#..................#
..######...........#
###########


You could see a phantom.

Vanquished Creatures
  An orc wizard (D:4)
  A worker ant (D:4)
  A hound zombie (D:3)
  4 gnolls
  2 adders (D:3)
  An ooze (D:3)
  A worm (D:3)
  4 dart slugs
  A giant gecko (D:3)
  4 orcs
  A ball python (D:1)
  11 bats
  4 giant cockroaches
  5 goblins
  3 hobgoblins
  4 jackals (D:3)
  8 kobolds
  2 giant newts
  A jackal skeleton (D:4)
  3 rats
62 creatures vanquished.

Vanquished Creatures (others)
  A kobold (D:2)
1 creature vanquished.

Grand Total: 63 creatures vanquished

Notes
Turn   | Place    | Note
--------------------------------------------------------------
     0 | D:1      | TheGoonsmith the Octopode Wizard began the quest for the Orb.
     0 | D:1      | Reached XP level 1. HP: 11/11 MP: 4/4
   394 | D:1      | Reached skill level 2 in Conjurations
   394 | D:1      | Reached XP level 2. HP: 12/17 MP: 0/6
   734 | D:1      | Reached XP level 3. HP: 21/21 MP: 3/7
   739 | D:1      | Learned a level 3 spell: Mephitic Cloud
   761 | D:1      | Reached skill level 3 in Conjurations
   790 | D:2      | Noticed Sigmund
  1422 | D:2      | Found a white marble altar of Elyvilon.
  1580 | D:3      | Reached skill level 1 in Poison Magic
  1639 | D:3      | Learned a level 3 spell: Conjure Flame
  1708 | D:3      | Reached XP level 4. HP: 27/27 MP: 0/8
  1782 | D:3      | Found an iron altar of Okawaru.
  1935 | D:3      | Reached skill level 1 in Air Magic
  2343 | D:3      | Reached XP level 5. HP: 30/31 MP: 1/9
  2639 | D:3      | Reached skill level 4 in Conjurations
  3039 | D:4      | Reached skill level 1 in Fighting
  3153 | D:4      | Learned a level 2 spell: Repel Missiles
  3723 | D:4      | Noticed a phantom
  3760 | D:4      | Slain by a phantom

Vault maps used:
D:1:      lemuel_arrival_rhombus, minmay_liquid_box
D:2:      elyvilon_altar_4, minmay_crystal_water, kennysheep_potato,
          uniq_sigmund
D:3:      lemuel_round_altar, first_bread, minmay_mini_jars

Skill      XL: |  1  2  3  4  5 |
---------------+----------------+-----
Conjurations   | 2 3 4 |  4.0
Poison Magic   | 2 |  2.2
Air Magic      | 1 |  1.1
Fighting       | 2 |  2.2
Dodging        | |  2.0
Stealth        | |  2.6
Spellcasting   | |  3.0
Summonings     | |  1.0
Translocations | |  1.0

Action                   |  1- 3 |  4- 6 || total
-------------------------+-------+-------++-------
Melee: Unarmed           |     5 |       ||     5
       Constrict         |     4 |    12 ||    16
       Tentacles         |     2 |     9 ||    11
       Dagger            |     8 |    61 ||    69
 Cast: Magic Dart        |    58 |    77 ||   135
       Conjure Flame     |     1 |       ||     1
       Mephitic Cloud    |       |     2 ||     2
       Repel Missiles    |       |     1 ||     1
  Use: Scroll            |       |     5 ||     5
       Potion            |       |     4 ||     4
 Stab: Sleeping          |       |     8 ||     8
  Eat: Chunk             |     2 |     4 ||     6
       Bread ration      |       |     1 ||     1
Armor: Skin              |     3 |    12 ||    15
Dodge: Dodged            |    19 |    53 ||    72
       Deflected         |       |     1 ||     1
